 Seeded DCSS version 0.28.0-62-gf88900778d (webtiles) character file.

Game seed: 13591998346360536447 (custom seed)

184 Psyclone the Conjurer (level 5, 28/28 HPs)
             Began as a Deep Elf Conjurer on Oct 17, 2023.
             Quit the game on level 4 of the Dungeon.
             The game lasted 00:06:28 (2798 turns).

Psyclone the Conjurer (Deep Elf Conjurer)           Turns: 2798, Time: 00:06:28

Health: 28/28      AC:  2    Str:  4    XL:     5   Next: 36%
Magic:  11/11      EV: 12    Int: 27    God:
Gold:   42         SH:  0    Dex: 13    Spells: 7/10 levels left

rFire   . . .      SeeInvis .   e - +1 whip of Eternal Harmony {flame, rElec Int+2}
rCold   . . .      Faith    .   (no shield)
rNeg    . . .      Spirit   .   a - +0 robe
rPois   .          Reflect  .   (no helmet)
rElec   +          Harm     .   (no cloak)
rCorr   .          Rampage  .   (no gloves)
Will    .....                   (no boots)
Stlth   ++........              (no amulet)
HPRegen 0.09/turn               (no ring)
MPRegen 0.12/turn               (no ring)

@: no status effects
A: no striking features
a: no special abilities


You were on level 4 of the Dungeon.
You visited 1 branch of the dungeon, and saw 4 of its levels.

You collected 42 gold pieces.

Inventory:

Hand Weapons
 b - a +0 dagger
 e - the +1 whip of Eternal Harmony (weapon) {flame, rElec Int+2}
   (You found it on level 3 of the Dungeon)

   It burns those it strikes, dealing additional fire damage.
   Int:       It affects your intelligence (+2).
   rElec:     It insulates you from electricity.
Armour
 a - a +0 robe (worn)
Scrolls
 c - 3 scrolls of acquirement
 f - a scroll of summoning


   Skills:
 - Level 2.4 Dodging
 - Level 2.4 Stealth
 - Level 3.0 Spellcasting
 + Level 7.4 Conjurations


You had 7 spell levels left.
You knew the following spells:

 Your Spells              Type           Power      Damage    Failure   Level
a - Magic Dart            Conj           100%       1d8       1%          1
b - Searing Ray           Conj           88%        2d7       1%          2

Your spell library contained the following spells:

 Spells                   Type           Power      Damage    Failure   Level
 Static Discharge         Conj/Air       24%        N/A       3%          2
 Dazzling Flash           Conj/Hex       48%        N/A       6%          3
 Fulminant Prism          Conj/Hex       12%        3d9       19%         4
 Iskenderun's Mystic Bla  Conj/Tloc      24%        2d7       19%         4
 Sticky Flame             Conj/Fire      24%        2d5       19%         4
 Dispel Undead            Necr           4%         3d7       65%         4


Dungeon Overview and Level Annotations

Branches:
Dungeon (4/15)
 Temple: D:4-7

Altars:
Hepliaklqana
The Shining One

Annotations:
D:3 2 transporters, Psyclone's ghost, weakling DECj


Message History

Press: ? - help, Shift-Dir - straight line, f - spectral hobgoblin
Aim: a spectral hobgoblin (dormant, 100% to hit)
The searing ray hits the spectral hobgoblin!
You destroy the spectral hobgoblin! (Press . to maintain the ray.)
You now have 9/11 mp.
You now have 8/11 mp.
The searing ray hits the hobgoblin.
The hobgoblin is severely wounded.
The hobgoblin barely misses you.
You now have 7/11 mp.
The searing ray hits the hobgoblin!
You kill the hobgoblin!
You finish channelling your searing ray.
You now have 6/11 mp.
You see here 9 gold pieces.
You see here 9 gold pieces.
There is an open door here.
There is an open door here.
You see here 9 gold pieces.
You see here 4 gold pieces.
Found a scroll of acquirement.
MP restored: 11
There is a stone staircase leading up here.
There is a shaft here.
Done exploring.
There is a shaft here.
You see here Ozocubu's Autobiography.
You see here a fizzy black potion.
You see here a fizzy black potion.
You aren't carrying any potions.
You see here a scroll labelled YZIKUSH NUQODEWU.
You see here a book of Blood.
You see here a +0 short sword.
You see here 4 gold pieces.
You see here a bubbling grey potion.
There is a stone staircase leading down here.
Unknown command.
Unknown command.
Are you sure you want to abandon this character and quit the game? (Confirm with "yes".)

...!...........#.......# #.....#
######<.......:........# #.....#
#######.......#........###.....#
...........####.)..............#
############ #.........!......#
#................#
##.#.##..........#
#.#.##..........#
#@#.##..........#
#.#.##..........#
#....###.########
#######...###.########
#..........##........#
#..........#########.#
#..........# #.......#
#..........# #.####..#
#..........###.####..#


There were no monsters in sight!

Vanquished Creatures
  A hound (D:4)
  A bullfrog skeleton (D:4)
  2 hound skeletons (D:4)
  3 gnolls (D:4)
  An adder (D:4)
  2 adder skeletons (D:4)
  3 worms
  2 dart slugs
  An orc (D:3)
  A bat (D:3)
  5 endoplasms
  A giant cockroach (D:4)
  4 hobgoblins
  3 jackals (D:1)
  2 kobolds
  4 ball pythons
  2 goblins (D:3)
  5 rats
  A spectral hobgoblin (D:4)
44 creatures vanquished.

Notes
Turn   | Place    | Note
-------+----------+-------------------------------------------
     0 | D:1      | Psyclone the Deep Elf Conjurer began the quest for the Orb.
     0 | D:1      | Reached XP level 1. HP: 10/10 MP: 6/6
   178 | D:2      | Reached XP level 2. HP: 15/15 MP: 6/8
   181 | D:2      | Learned a level 2 spell: Searing Ray
   211 | D:2      | Reached skill level 5 in Conjurations
   273 | D:2      | Identified 3 scrolls of acquirement
   285 | D:3      | Found a glowing golden altar of the Shining One.
   459 | D:3      | Identified the +1 whip of Eternal Harmony {flame, rElec
                  | Int+2}
   695 | D:3      | Found a transporter.
   697 | D:3      | Noticed Psyclone's ghost (weakling DECj)
   801 | D:3      | Reached XP level 3. HP: 19/19 MP: 6/9
   919 | D:3      | Found a transporter.
  1665 | D:4      | Reached skill level 6 in Conjurations
  1736 | D:4      | Reached XP level 4. HP: 24/24 MP: 7/10
  2299 | D:4      | Reached skill level 7 in Conjurations
  2299 | D:4      | Reached XP level 5. HP: 25/28 MP: 3/11
  2506 | D:4      | Found a hazy altar of Hepliaklqana.
  2798 | D:4      | Quit the game

Illustrated notes

Levels and vault maps discovered:
D:1:      wander_arrival_fairy_ring, layout_basic, chequers_serial_rivers_room_a
D:2:      layout_loops_ring, shapermc_ecumenical_altar_venn, uniq_natasha
D:3:      layout_loops_ring, mainiacjoe_overflow_chevrons,
          gammafunk_ghost_arena, hangedman_glass_teeth
D:4:      layout_basic, nicolae_hepliaklqana_monster_ancestors,
          due_unseen_surprise

Skill      XL: |  1  2  3  4 |
---------------+-------------+-----
Conjurations   | 5 6 7 |  7.4
Dodging        | |  2.4
Stealth        | |  2.4
Spellcasting   | |  3.0

Action                   |  1- 3 |  4- 6 || total
-------------------------+-------+-------++-------
 Cast: Magic Dart        |    43 |    51 ||    94
       Searing Ray       |     4 |     3 ||     7
  Use: Scroll            |     4 |       ||     4
Dodge: Dodged            |     5 |    12 ||    17
